 Dungeon Crawl Stone Soup version 0.29-a0-813-g4a14ea37d6 (webtiles) character file.

Game seed: 17317155364846783489

32 Anon1729 the Charlatan (level 3, 0/29 HPs)
             Began as a Meteoran Artificer on July 4, 2022.
             Was a Follower of Ashenzari.
             Slain by a jackal (3 damage)
             ... on level 4 of the Dungeon.
             The game lasted 00:03:58 (590 turns).

Anon1729 the Charlatan (Meteoran Artificer)          Turns: 590, Time: 00:03:59

Health: 0/29       AC:  3    Str: 14    XL:     3   Next: 64%
Magic:  4/4        EV: 12    Int: 14    God:    Ashenzari [*.....]
Gold:   19         SH:  0    Dex: 14    Spells: 2/2 levels left

rFire   . . .      SeeInvis .   i - +0 quarterstaff
rCold   . . .      Faith    .   (shield currently unavailable)
rNeg    + . .      Spirit   .   b - +0 leather armour "Share My Fetters" {Alch, Cun} (curse)
rPois   .          Reflect  .   (no helmet)
rElec   .          Harm     .   (no cloak)
rCorr   .          Rampage  .   (no gloves)
Will    .....                   (no boots)
Stlth   +.........              (no amulet)
HPRegen 0.09/turn               j - ring of Ashenzari's Ennui {rN+, Self, Cun} (curse)
MPRegen 0.09/turn               (no ring)

@: glowing
A: sense surroundings 1, otherworldly, glowing, explore regen
a: Renounce Religion, Shatter the Chains


You were on level 4 of the Dungeon.
You worshipped Ashenzari.
Ashenzari was aware of your devotion.
You visited 1 branch of the dungeon, and saw 4 of its levels.

You collected 19 gold pieces.

Inventory:

Hand Weapons
 i - a +0 quarterstaff (weapon)
Armour
 b - the cursed +0 leather armour "Share My Fetters" (worn) {Alch, Cun}

   It has a curse which improves the following skills: Alchemy: Poison Magic and
   Transmutations.
   Cunning:   Dodging and Stealth.
Jewellery
 j - the cursed ring of Ashenzari's Ennui (left hand) {rN+, Self, Cun}
   (You found it on level 2 of the Dungeon)

   [ring of positive energy]

   rN:        It protects you from negative energy.
   It has a curse which improves the following skills: Introspection: Fighting
   and Spellcasting.
   Cunning:   Dodging and Stealth.
Wands
 c - a wand of flame (14) (quivered)
 d - a wand of charming (15)
 e - a wand of iceblast (9)
Scrolls
 f - 2 scrolls of teleportation
 h - a scroll of magic mapping
 m - a scroll of poison
Potions
 a - a potion of heal wounds
 g - a potion of lignification
 k - a potion of brilliance
 l - a potion of might


   Skills:
 + Level 1.5(2.1) Fighting
 * Level 1.2 Staves
 + Level 2.8 Armour
 + Level 1.7(2.7) Dodging
 + Level 1.0(1.8) Stealth
 * Level 4.0 Evocations


You had 2 spell levels left.
You didn't know any spells.
Your spell library was empty.

Dungeon Overview and Level Annotations

Branches:
Dungeon (4/15) Zot: 1783
 Temple: D:4-7

Altars:
Ashenzari
Gozag
Xom

Shops:
D:4 ?

Annotations:
D:3 3 runed translucent doors, Jeffvaz's ghost, amateur DEFE


Innate Abilities, Weirdness & Mutations

You passively map a small area around you.
You are easily found by Zot.
You glow in the dark.
You regain HP and MP as you explore.


Message History

You kill the giant cockroach!
The jackal closely misses you. The jackal bites you.
Your Evocations skill increases to level 4!
You hit the jackal.
The jackal is heavily wounded.
The jackal bites you.
* * * LOW HITPOINT WARNING * * *
The jackal bites you.
* * * LOW HITPOINT WARNING * * *
You barely miss the jackal.
The jackal is moderately wounded.
The jackal barely misses you.
A jackal comes into view.
The jackal bites you.
* * * LOW HITPOINT WARNING * * *
The jackal moves out of view.
You sock the jackal!
You kill the jackal!
The jackal closely misses you.
You hit the jackal.
The jackal is severely wounded.
The jackal bites you but does no damage. x2
You closely miss the jackal.
The jackal is severely wounded.
The jackal bites you but does no damage.
You hit the jackal but do no damage.
The jackal is severely wounded.
The jackal barely misses you. x2
You barely miss the jackal.
The jackal is severely wounded.
The jackal barely misses you. The jackal bites you.
* * * LOW HITPOINT WARNING * * *
Okay, then.
Aiming: Throw Flame
Press: ? - help, Shift-Dir - straight line, f - jackal
Aim: a jackal (severely wounded, 64% to hit)
The puff of flame hits the jackal.
You kill the jackal!
The jackal bites you.
You die...

#'#≈........# *
'∩+........## ..... ,
#'#≈##......# * ....#
≈.≈≈........# #....#, ,
, #.#..†......# ......
, , #...........#
#...... , ##..#...##.##
##....... *
#...#.......# #$...##
##..........####@....#
**
###........##.h##..##,,
* #............h....#,
*
#.....##......h.#.#,,,
***
*#.....#.#.......... ,
##..................
...##.##.....#..... ,#.
..#..###.... , ,
....##..# *.... , ,


You could see 2 jackals.

Vanquished Creatures
  A worm (D:1)
  A dart slug (D:2)
  3 orcs (D:3)
  A ball python (D:1)
  An endoplasm (D:1)
  3 giant cockroaches
  2 jackals (D:4)
  2 quokkas
  3 bats
  2 frilled lizards
  2 goblins
  2 rats (D:1)
23 creatures vanquished.

Vanquished Creatures (others)
  A fungus (D:1)
  A plant (D:1)
2 creatures vanquished.

Grand Total: 25 creatures vanquished

Notes
Turn   | Place    | Note
-------+----------+-------------------------------------------
     0 | D:1      | Anon1729 the Meteoran Artificer began the quest for the
                  | Orb.
     0 | D:1      | Reached XP level 1. HP: 16/16 MP: 2/2
    75 | D:1      | Found a faded altar of an unknown god.
    83 | D:1      | Prayed at the altar of an unknown god.
    83 | D:1      | Became a worshipper of Ashenzari the Shackled
   171 | D:2      | Reached XP level 2. HP: 17/23 MP: 3/3
   276 | D:2      | Reached skill level 1 in Stealth
   348 | D:2      | Reached * piety under Ashenzari
   362 | D:1      | Reached XP level 3. HP: 29/29 MP: 4/4
   402 | D:1      | Reached skill level 1 in Staves
   486 | D:3      | Found a runed translucent gate.
   486 | D:3      | Found a runed translucent gate.
   486 | D:3      | Found an opulent altar of Gozag.
   504 | D:3      | Found a runed translucent gate.
   505 | D:3      | Noticed Jeffvaz's ghost (amateur DEFE)
   508 | D:3      | Noticed a scorpion
   539 | D:4      | Found Yveceny's Magic Scroll Shoppe.
   560 | D:4      | Found a shimmering altar of Xom.
   583 | D:4      | Reached skill level 4 in Evocations
   590 | D:4      | Slain by a jackal

Illustrated notes

Levels and vault maps discovered:
D:1:      scummos_arrival_gate, layout_basic,
          shapermc_ecumenical_altar_mp_urbaneastern
D:2:      layout_loops_ring
D:3:      layout_basic, mainiacjoe_overflow_alcove_2, tgw_trog,
          pdpol_wu_jian_five_deadly_venoms, minmay_overflow_temple_star_quad,
          ebering_ghost_gozag, minmay_vboxes
D:4:      layout_cave_pools, mainiacjoe_overflow_small_starburst,
          mainiacjoe_overflow_brackets, serial_shops,
          nicolae_inconvenience_store, nicolae_lakefront_shop,
          nicolae_shop_behind_doors, kennysheep_mini_moat,
          amcnicky_altar_lugonu_corruption

Skill      XL: |  1  2  3 |
---------------+----------+-----
Stealth        | 1 |  1.0
Staves         | 1 |  1.2
Evocations     | 4 |  4.0
Fighting       | |  1.5
Armour         | |  2.8
Dodging        | |  1.7

Action                   || total
-------------------------++-------
Melee: Club              ||    17
       Quarterstaff      ||    73
Invok: Curse Item        ||     2
Evoke: Wand              ||     1
Armor: Leather armour    ||    53
Dodge: Dodged            ||    69

Table legend: (Time is in decaauts)
 A = Elapsed time spent in this place.
 B = Non-inter-level travel time spent in this place.
 C = Inter-level travel time spent in this place.
 D = Time resting spent in this place.
 E = Time spent auto-exploring this place.
 F = Levels seen in this place.
 G = Mean time per level.
                   A        B        C        D        E       F      G
               +--------+--------+--------+--------+--------+-----+--------+
         Total |    615 |    593 |     22 |      0 |     58 |   4 |  153.8 |
       Dungeon |    615 |    593 |     22 |      0 |     58 |   4 |  153.8 |
               +--------+--------+--------+--------+--------+-----+--------+

Top non-repeatable levels by time:
     D:2: 238 daAuts
     D:1: 220 daAuts
     D:3: 84 daAuts
     D:4: 72 daAuts
